 Dungeon Crawl Stone Soup version 0.19.5 (webtiles) character file.

21 Monsterracer the Conjurer (level 2, -1/15 HPs)
             Began as a Deep Elf Conjurer on Apr 13, 2017.
             Killed from afar by Sigmund (8 damage)
             ... with a puff of flame
             ... on level 1 of the Dungeon.
             The game lasted 00:04:08 (1903 turns).

Monsterracer the Conjurer (Deep Elf Conjurer)       Turns: 1903, Time: 00:04:09

Health: -1/15      AC:  2    Str:  5    XL:     2   Next: 62%
Magic:  0/8        EV: 13    Int: 19    God:
Gold:   84         SH:  0    Dex: 15    Spells: 2 memorised, 4 levels left

rFire  . . .     SeeInvis .     d - +0 short sword
rCold  . . .     Gourm    .     a - +0 robe
rNeg   . . .     Faith    .     (no shield)
rPois  .         Spirit   .     (no helmet)
rElec  .         Reflect  .     (no cloak)
rCorr  .         Harm     .     (no gloves)
MR     .....                    (no boots)
Stlth  ++........               (no amulet)
                                (no ring)
                                (no ring)

@: no status effects
A: no striking features
a: no special abilities


You were on level 1 of the Dungeon.
You were near starving.

You visited 1 branch of the dungeon, and saw 2 of its levels.

You collected 84 gold pieces.

Inventory:

Hand Weapons
 d - a +0 short sword (weapon)
Armour
 a - a +0 robe (worn)
Scrolls
 e - a scroll of noise {unknown}
 f - a scroll of teleportation {unknown}
 g - a scroll of random uselessness {unknown}
 h - 2 scrolls of remove curse {unknown}
 i - a scroll of identify {unknown}
 j - a scroll of magic mapping {unknown}
 m - a scroll of fear {unknown}
Potions
 l - a potion of curing {unknown}
Books
 b - a book of Conjurations

   Spells                             Type                      Level
   a - Magic Dart                     Conjuration                  1
   b - Searing Ray                    Conjuration                  2
   c - Dazzling Spray                 Conjuration/Hexes            3
   d - Fulminant Prism                Conjuration/Hexes            4
   e - Iskenderun's Mystic Blast      Conjuration                  4
   f - Iskenderun's Battlesphere      Conjuration/Charms           5
Comestibles
 c - a bread ration
 k - a meat ration


   Skills:
 - Level 2.4 Dodging
 - Level 2.4 Stealth
 - Level 3.0 Spellcasting
 + Level 5.2 Conjurations


You had 4 spell levels left.
You knew the following spells:

 Your Spells              Type           Power        Failure   Level  Hunger
a - Magic Dart            Conj           ###.         1%          1    None
b - Searing Ray           Conj           ###...       2%          2    ##.....


Dungeon Overview and Level Annotations

Branches:
Dungeon (2/15)

Altars:

Annotations:
D:1 Sigmund


Message History

Sigmund is almost dead.
You barely miss Sigmund.
Sigmund is almost dead.
Sigmund casts a spell at you. You resist with significant effort.
Casting: Searing Ray
Confirm with . or Enter, or press ? or * to list all spells.
Aiming: Magic Dart
Press: ? - help, Shift-Dir - straight line, f/p - Sigmund
Aim: Sigmund, wielding a scythe and wearing a robe (almost dead)
The magic dart hits Sigmund.
Sigmund is almost dead.
Sigmund closely misses you. Sigmund closely misses you.
You climb upwards.
There is a stone staircase leading down here.
Sigmund points at you and mumbles some strange words.
The puff of flame hits you!
Ouch! That really hurt!
You die...

.####........# ########## #..
..........#### ###........# #.#
.........## #.....####.## #.#
######...# #.###...#...####.# #
#...# #.# #.#.#.#....... # #...#
#.###.#.#...#####. # #...#
#.....#.#########. # #...#
##.......#.......#.
######...######.@...##.#.......#.
..(.............###@...#.......#.
................# #............##
.......(........###.##.#.......##
####.#...#.####........#.......##
#.#...#.# ###.######.......##
#.#...#.# #.# ##########
#.#...#.######.# #
#.#........).#.# #


You could see Sigmund.

Vanquished Creatures
  2 dart slugs (D:1)
  2 bats (D:1)
  2 goblins
  2 hobgoblins (D:1)
  3 jackals (D:1)
  2 frilled lizards (D:1)
  4 kobolds (D:1)
17 creatures vanquished.

Notes
Turn   | Place    | Note
-------+----------+-------------------------------------------
     0 | D:1      | Monsterracer the Deep Elf Conjurer began the quest for the Orb.
     0 | D:1      | Reached XP level 1. HP: 10/10 MP: 6/6
   406 | D:1      | Reached XP level 2. HP: 15/15 MP: 4/8
   572 | D:1      | Reached skill level 5 in Conjurations
   760 | D:1      | Learned a level 2 spell: Searing Ray
  1084 | D:2      | Noticed Sigmund
  1903 | D:1      | Killed from afar by Sigmund

Skill      XL: |  1  2 |
---------------+-------+-----
Conjurations   | 5 |  5.2
Dodging        | |  2.4
Stealth        | |  2.4
Spellcasting   | |  3.0

Action                   || total
-------------------------++-------
Melee: Short sword       ||     3
 Cast: Magic Dart        ||    33
       Searing Ray       ||     4
  Use: Potion            ||     4
  Eat: Chunk             ||     1
Dodge: Dodged            ||     8
